Devils vs Blue Jackets
Created - April 15, 2019 at 19:01
Goals
|
| Devils |
0 |
1 |
3 |
4 |
| Blue Jackets |
0 |
0 |
2 |
2 |
|
Shots
|
| Devils |
6 |
15 |
9 |
30 |
| Blue Jackets |
4 |
14 |
10 |
28 |
|
1st period
No Goal
Penalties :
Artemi Panarin (NJD) for Hooking (Minor) at 1:51, Darroll Powe (NJD) for Holding (Minor) at 5:15, Darroll Powe (NJD) for Goalie Interference (Minor) at 8:26, Darroll Powe (NJD) for Cross-checking (Minor) at 11:31
2nd period
1. Devils , Kellan Lain 10 (Anthony Stewart 5, Gilbert Brule 36) at 6:57
Penalties :
Artemi Panarin (NJD) for Hooking (Minor) at 1:17
3rd period
2. Devils , Gilbert Brule 21 (Phil Kessel 41) at 1:12 (PP)
3. Blue Jackets , Devin Setoguchi 17 (Max Pacioretty 19) at 1:45
4. Devils , Gilbert Brule 22 (Phil Kessel 42, Jaden Schwartz 18) at 12:24
5. Devils , Kellan Lain 11 (Travis Hamonic 26, Tyler Cuma 26) at 14:27
6. Blue Jackets , Kurtis Foster 5 (Cam Fowler 10, Rick DiPietro) at 17:17 (PP)
Penalties :
Branislav Mezei (Clb) for Hooking (Minor) at 0:41, Pavel Datsyuk (Clb) for High sticking (Minor) at 2:09, Marcus Nilson (Clb) for Tripping (Minor) at 7:15, Dmitry Kulikov (NJD) for Tripping (Minor) at 15:31, Martin Havlat (Clb) for Roughing (Minor) at 18:35, Sidney Crosby (NJD) for Slashing (Minor) at 18:41
Goalie Stats
Keith Kinkaid (NJD), 26 saves from 28 shots - (0.929), W, 5-7-4, 60:00 minutes
Rick DiPietro (Clb), 26 saves from 30 shots - (0.867), L, 34-25-8, 60:00 minutes
Players Stats for Devils
Player Name G A P +/- PIM S H SB GA TA FO MP PP MP PK MP
------------------------------------------------------------------------------------
Alexander Perezhogin 0 0 0 0 0 1 2 0 0 0 0/1 7:00 0:00 0:00
Anthony Stewart 0 1 1 2 0 0 0 0 0 0 1/1 11:06 0:00 3:39
Artemi Panarin 0 0 0 -1 4 4 4 1 0 0 0/0 22:06 2:29 3:00
Brandon Bollig 0 0 0 0 0 1 1 0 1 0 0/0 7:00 0:00 0:00
Darroll Powe 0 0 0 2 6 3 0 0 0 0 1/2 9:34 0:00 2:01
Dmitry Kulikov 0 0 0 1 2 2 2 0 1 1 0/0 18:59 0:00 4:34
Gilbert Brule 2 1 3 1 0 3 2 3 2 0 11/23 21:17 2:06 6:40
Jaden Schwartz 0 1 1 1 0 0 0 0 0 0 0/0 15:16 2:06 1:00
Kellan Lain 2 0 2 2 0 3 2 0 0 0 0/1 14:11 0:00 6:22
Phil Kessel 0 2 2 1 0 3 2 1 0 0 0/0 14:37 2:06 0:00
Ryan Whitney 0 0 0 1 0 0 1 0 1 1 0/0 10:24 0:00 0:22
Sami Lepisto 0 0 0 1 0 0 0 0 0 0 0/0 13:11 2:47 0:00
Sidney Crosby 0 0 0 -1 2 2 1 0 0 1 12/28 19:16 2:28 0:40
Tobias Enstrom 0 0 0 0 0 2 0 1 1 1 0/0 24:04 1:48 6:20
Travis Hamonic 0 1 1 0 0 0 2 1 1 0 0/0 27:15 1:48 6:42
Tyler Bozak 0 0 0 0 0 2 1 0 0 0 0/3 7:00 0:00 0:00
Tyler Cuma 0 1 1 1 0 2 1 5 0 2 0/0 26:06 2:47 5:24
Viktor Arvidsson 0 0 0 -1 0 2 0 0 0 0 3/4 18:32 2:29 0:00
Players Stats for Blue Jackets
Player Name G A P +/- PIM S H SB GA TA FO MP PP MP PK MP
------------------------------------------------------------------------------------
A.J Thelen 0 0 0 -2 0 0 0 2 0 0 0/0 9:32 0:00 0:00
Andreas Nodl 0 0 0 -2 0 0 2 0 0 0 0/1 10:53 0:20 0:00
Branislav Mezei 0 0 0 -2 2 0 0 3 0 0 0/0 9:31 0:00 0:00
Brenden Morrow 0 0 0 -1 0 6 2 0 0 0 1/2 18:53 5:39 1:13
Cam Fowler 0 1 1 0 0 0 0 1 0 2 0/0 21:06 5:12 1:23
Dennis Wideman 0 0 0 0 0 1 5 0 0 0 0/0 29:22 6:29 3:12
Devin Setoguchi 1 0 1 1 0 1 0 0 0 0 1/1 18:15 5:33 0:27
Greg Campbell 0 0 0 0 0 0 0 0 0 0 2/3 8:05 0:00 0:48
Kevin Porter 0 0 0 0 0 0 0 0 0 0 0/0 2:35 0:29 0:15
Kurtis Foster 1 0 1 0 0 1 2 2 1 1 0/0 21:06 5:12 1:23
Marcus Nilson 0 0 0 -2 2 0 0 0 0 0 0/0 12:00 0:29 0:14
Martin Havlat 0 0 0 -1 2 1 3 0 0 0 3/4 20:51 5:48 2:56
Max Pacioretty 0 1 1 1 0 3 2 0 1 1 1/1 17:48 5:33 0:00
Mike Comrie 0 0 0 1 0 2 4 0 1 0 6/13 17:48 5:33 0:00
Mike Lundin 0 0 0 0 0 4 0 0 1 2 0/0 29:22 6:29 3:12
Mike York 0 0 0 0 0 1 0 0 0 0 0/0 7:36 0:00 0:06
Pavel Datsyuk 0 0 0 -1 2 6 3 1 1 0 15/28 26:25 5:39 1:54
Peter Mueller 0 0 0 -2 0 2 0 2 1 1 6/10 12:55 0:00 1:17
3 Stars
1 - Gilbert Brule (NJD)
2 - Kellan Lain (NJD)
3 - Phil Kessel (NJD)
Power Play
Devils - 1 on 4 Attempt(s) - 25.00%
Blue Jackets - 1 on 7 Attempt(s) - 14.29%
Penalty Kill
Devils - 6 on 7 Attempt(s) - 85.71%
- Score 0 goal in Penalty Kill
Blue Jackets - 3 on 4 Attempt(s) - 75.00%
- Score 0 goal in Penalty Kill
Team Stat
Devils - Hits : 21 - Faceoff Wins : 28 - Blocked Shots : 12 - Penalty Minutes : 14
Blue Jackets - Hits : 23 - Faceoff Wins : 35 - Blocked Shots : 11 - Penalty Minutes : 8
Official
Referees : Unknown
Linesman : Unknown
Game Notes
No Game Note
Finance
Level 1 -- Attendance: 4225 (70.42%) -- Ticket Income $401,375
Level 2 -- Attendance: 3977 (79.54%) -- Ticket Income $238,620
Level 3 -- Attendance: 1995 (99.75%) -- Ticket Income $69,825
Level 4 -- Attendance: 3818 (95.45%) -- Ticket Income $95,450
Luxury Box -- Attendance: 683 (68.30%) -- Ticket Income $129,770
Game was played at the Ohio State Arena.
Total Attendance: 14698 (81.66%)
Total Ticket Income: $935,040
Other Income: $140,256
Total Income: $1,075,296
Devils
5 vs 5 Forward
Center Left Wing Right Wing Time % Phy DF OF
1 Sidney Crosby Artemi Panarin Viktor Arvidsson 40 1 2 2
2 Gilbert Brule Jaden Schwartz Phil Kessel 30 1 2 2
3 Darroll Powe Kellan Lain Anthony Stewart 20 1 2 2
4 Tyler Bozak Brandon Bollig Alexander Perezhogin 10 1 2 2
5 vs 5 Defense
Defense Defense Time % Phy DF OF
1 Travis Hamonic Tyler Cuma 40 1 2 2
2 Dmitry Kulikov Tobias Enstrom 30 1 2 2
3 Sami Lepisto Ryan Whitney 20 1 2 2
4 Travis Hamonic Tobias Enstrom 10 1 2 2
PowerPlay Forward
Center Left Wing Right Wing Time % Phy DF OF
1 Sidney Crosby Artemi Panarin Viktor Arvidsson 60 0 2 3
2 Gilbert Brule Jaden Schwartz Phil Kessel 40 0 2 3
PowerPlay Defense
Defense Defense Time % Phy DF OF
1 Tyler Cuma Sami Lepisto 60 1 2 2
2 Travis Hamonic Tobias Enstrom 40 1 2 2
Penalty Kill 4 Players Forward
Center Wing Time % Phy DF OF
1 Gilbert Brule Kellan Lain 60 1 2 2
2 Darroll Powe Artemi Panarin 40 1 2 2
Penalty Kill 4 Players Defense
Defense Defense Time % Phy DF OF
1 Dmitry Kulikov Travis Hamonic 60 1 2 2
2 Tobias Enstrom Tyler Cuma 40 1 2 2
Penalty Kill - 3 Players Forward
Forward Time % Phy DF OF
1 Sidney Crosby 60 1 2 2
2 Darroll Powe 40 1 2 2
Penalty Kill - 3 Players Defense
Defense Defense Time % Phy DF OF
1 Ryan Whitney Travis Hamonic 60 1 2 2
2 Dmitry Kulikov Tobias Enstrom 40 1 2 2
4 vs 4 Forward
Center Wing Time % Phy DF OF
1 Gilbert Brule Phil Kessel 60 1 2 2
2 Sidney Crosby Artemi Panarin 40 1 2 2
4 vs 4 Defense
Defense Defense Time % Phy DF OF
1 Tobias Enstrom Travis Hamonic 60 1 2 2
2 Tyler Cuma Dmitry Kulikov 40 1 2 2
Last Minutes Offensive
Center Left Wing Right Wing Defense Defense
Sidney Crosby Artemi Panarin Phil Kessel Tyler Cuma Tobias Enstrom
Last Minutes Defensive
Center Left Wing Right Wing Defense Defense
Gilbert Brule Jaden Schwartz Kellan Lain Tobias Enstrom Travis Hamonic
Goaltenders
Starting : Keith Kinkaid
Backup : Tyler Weiman
Extra Forwards
Normal : Kellan Lain, Jaden Schwartz, Anthony Stewart - PP : Kellan Lain, Artemi Panarin - PK : Anthony Stewart
Extra Defensemen
Normal : Tobias Enstrom, Ryan Whitney, Tyler Cuma - PP : Tobias Enstrom - PK : Tobias Enstrom, Tyler Cuma
Penalty Shots
Sidney Crosby, Artemi Panarin, Viktor Arvidsson, Phil Kessel, Jaden Schwartz
Scratches
None
Blue Jackets
5 vs 5 Forward
Center Left Wing Right Wing Time % Phy DF OF
1 Pavel Datsyuk Brenden Morrow Martin Havlat 40 1 2 2
2 Mike Comrie Max Pacioretty Devin Setoguchi 30 1 2 2
3 Peter Mueller Marcus Nilson Andreas Nodl 20 1 2 2
4 Greg Campbell Mike York Pavel Datsyuk 10 1 2 2
5 vs 5 Defense
Defense Defense Time % Phy DF OF
1 Mike Lundin Dennis Wideman 40 1 2 2
2 Kurtis Foster Cam Fowler 30 1 2 2
3 Branislav Mezei A.J Thelen 20 1 2 2
4 Mike Lundin Dennis Wideman 10 1 2 2
PowerPlay Forward
Center Left Wing Right Wing Time % Phy DF OF
1 Pavel Datsyuk Brenden Morrow Martin Havlat 60 1 2 2
2 Mike Comrie Max Pacioretty Devin Setoguchi 40 1 2 2
PowerPlay Defense
Defense Defense Time % Phy DF OF
1 Mike Lundin Dennis Wideman 60 1 2 2
2 Kurtis Foster Cam Fowler 40 1 2 2
Penalty Kill 4 Players Forward
Center Wing Time % Phy DF OF
1 Pavel Datsyuk Martin Havlat 60 1 2 2
2 Brenden Morrow Devin Setoguchi 40 1 2 2
Penalty Kill 4 Players Defense
Defense Defense Time % Phy DF OF
1 Mike Lundin Dennis Wideman 60 1 2 2
2 Kurtis Foster Cam Fowler 40 1 2 2
Penalty Kill - 3 Players Forward
Forward Time % Phy DF OF
1 Pavel Datsyuk 60 1 2 2
2 Martin Havlat 40 1 2 2
Penalty Kill - 3 Players Defense
Defense Defense Time % Phy DF OF
1 Mike Lundin Dennis Wideman 60 1 2 2
2 Kurtis Foster Cam Fowler 40 1 2 2
4 vs 4 Forward
Center Wing Time % Phy DF OF
1 Pavel Datsyuk Martin Havlat 60 1 2 2
2 Brenden Morrow Devin Setoguchi 40 1 2 2
4 vs 4 Defense
Defense Defense Time % Phy DF OF
1 Mike Lundin Dennis Wideman 60 1 2 2
2 Kurtis Foster Cam Fowler 40 1 2 2
Last Minutes Offensive
Center Left Wing Right Wing Defense Defense
Pavel Datsyuk Brenden Morrow Martin Havlat Mike Lundin Dennis Wideman
Last Minutes Defensive
Center Left Wing Right Wing Defense Defense
Pavel Datsyuk Brenden Morrow Martin Havlat Mike Lundin Dennis Wideman
Goaltenders
Starting : Rick DiPietro
Backup : Mike Brodeur
Extra Forwards
Normal : Kevin Porter, Marcus Nilson, Peter Mueller - PP : Kevin Porter, Marcus Nilson - PK : Peter Mueller
Extra Defensemen
Normal : Branislav Mezei, A.J Thelen, Kurtis Foster - PP : Branislav Mezei - PK : A.J Thelen, Kurtis Foster
Penalty Shots
Pavel Datsyuk, Martin Havlat, Brenden Morrow, Devin Setoguchi, Max Pacioretty
Scratches
Andrew Gordon (Healthy), Patrick O'Sullivan (Healthy), Ryan Wilson (Healthy), Tyler Kennedy (Healthy), Marek Schwarz (Healthy)
% Time on Ice - Devils
Lines # - Real PCT - Wanted PCT - Time Play
Normal Forward
1 - 38% - 40% - 16:08
2 - 28% - 30% - 11:58
3 - 17% - 20% - 7:20
4 - 16% - 10% - 7:00
Normal Defense
1 - 39% - 40% - 16:39
2 - 33% - 30% - 13:51
3 - 23% - 20% - 9:49
4 - 5% - 10% - 2:07
PP Forward
1 - 54% - 60% - 2:29
2 - 46% - 40% - 2:06
PP Defense
1 - 61% - 60% - 2:47
2 - 39% - 40% - 1:48
PK Forward
1 - 62% - 60% - 7:14
2 - 38% - 40% - 4:27
PK Defense
1 - 57% - 60% - 6:42
2 - 43% - 40% - 4:59
PK3 Forward
1 - 0% - 60%
2 - 0% - 40%
PK3 Defense
1 - 0% - 60%
2 - 0% - 40%
44 Forward
1 - 81% - 60% - 1:03
2 - 19% - 40% - 0:15
44 Defense
1 - 53% - 60% - 0:41
2 - 47% - 40% - 0:37
Last Minute Offensive - 0:00
Last Minute Defensive - 0:00
Total
Forward - 60:00
Defense - 60:00
|
% Time on Ice - Blue Jackets
Lines # - Real PCT - Wanted PCT - Time Play
Normal Forward
1 - 29% - 40% - 12:21
2 - 29% - 30% - 12:15
3 - 25% - 20% - 10:33
4 - 17% - 10% - 7:17
Normal Defense
1 - 42% - 40% - 17:55
2 - 33% - 30% - 13:56
3 - 22% - 20% - 9:32
4 - 2% - 10% - 1:03
PP Forward
1 - 52% - 60% - 6:08
2 - 48% - 40% - 5:33
PP Defense
1 - 55% - 60% - 6:29
2 - 45% - 40% - 5:12
PK Forward
1 - 90% - 60% - 4:08
2 - 10% - 40% - 0:27
PK Defense
1 - 70% - 60% - 3:12
2 - 30% - 40% - 1:23
PK3 Forward
1 - 0% - 60%
2 - 0% - 40%
PK3 Defense
1 - 0% - 60%
2 - 0% - 40%
44 Forward
1 - 100% - 60% - 1:18
2 - 0% - 40% - 0:00
44 Defense
1 - 55% - 60% - 0:43
2 - 45% - 40% - 0:35
Last Minute Offensive - 0:00
Last Minute Defensive - 0:00
Total
Forward - 60:00
Defense - 60:00
|
Play-by-Play
1st period
0:01 of 1st period - Pavel Datsyuk wins face-off versus Sidney Crosby in neutral zone.
0:56 of 1st period - Snap shot by Darroll Powe.
0:56 of 1st period - Stopped by Rick DiPietro with a rebound.
0:58 of 1st period - Slapshot by Tobias Enstrom.
0:58 of 1st period - Shot Misses the Net.
1:16 of 1st period - Dennis Wideman is hit by Alexander Perezhogin.
1:51 of 1st period - Minor Penalty to Artemi Panarin for Hooking.
1:52 of 1st period - Pavel Datsyuk wins face-off versus Gilbert Brule in Devils zone.
2:05 of 1st period - Wrist shot by Martin Havlat.
2:05 of 1st period - Shot Misses the Net.
2:07 of 1st period - Slapshot by Cam Fowler.
2:07 of 1st period - Shot Blocked by Gilbert Brule.
3:13 of 1st period - Tyler Cuma is hit by Martin Havlat and loses puck.
3:51 of 1st period - Penalty to Artemi Panarin is over, Artemi Panarin is back on ice.
3:58 of 1st period - Icing by Jaden Schwartz.
3:59 of 1st period - Peter Mueller wins face-off versus Tyler Bozak in Devils zone.
4:06 of 1st period - Snap shot by Tyler Bozak.
4:06 of 1st period - Shot Misses the Net.
4:53 of 1st period - Wrist shot by Gilbert Brule.
4:53 of 1st period - Stopped by Rick DiPietro with a rebound.
5:15 of 1st period - Minor Penalty to Darroll Powe for Holding.
5:16 of 1st period - Pavel Datsyuk wins face-off versus Gilbert Brule in Devils zone.
5:27 of 1st period - Wrist shot by Pavel Datsyuk.
5:27 of 1st period - Shot Misses the Net.
6:16 of 1st period - Icing by Martin Havlat.
6:17 of 1st period - Anthony Stewart wins face-off versus Pavel Datsyuk in Blue Jackets zone.
6:42 of 1st period - Snap shot by Mike Comrie.
6:42 of 1st period - Stopped by Keith Kinkaid without a rebound.
6:43 of 1st period - Mike Comrie wins face-off versus Gilbert Brule in Devils zone.
7:15 of 1st period - Penalty to Darroll Powe is over, Darroll Powe is back on ice.
8:26 of 1st period - Minor Penalty to Darroll Powe for Goalie Interference.
8:27 of 1st period - Pavel Datsyuk wins face-off versus Gilbert Brule in Devils zone.
10:26 of 1st period - Penalty to Darroll Powe is over, Darroll Powe is back on ice.
10:38 of 1st period - Alexander Perezhogin is hit by Andreas Nodl.
11:06 of 1st period - Branislav Mezei is hit by Ryan Whitney and loses puck.
11:23 of 1st period - Slapshot by Greg Campbell.
11:23 of 1st period - Shot Blocked by Tyler Cuma.
11:31 of 1st period - Minor Penalty to Darroll Powe for Cross-checking.
11:32 of 1st period - Martin Havlat wins face-off versus Gilbert Brule in Devils zone.
11:37 of 1st period - Slapshot by Pavel Datsyuk.
11:37 of 1st period - Stopped by Keith Kinkaid without a rebound.
11:38 of 1st period - Pavel Datsyuk wins face-off versus Gilbert Brule in Devils zone.
12:51 of 1st period - Travis Hamonic is hit by Pavel Datsyuk and loses puck.
13:31 of 1st period - Penalty to Darroll Powe is over, Darroll Powe is back on ice.
13:47 of 1st period - Marcus Nilson is hit by Brandon Bollig and loses puck.
14:49 of 1st period - Tobias Enstrom is hit by Mike Comrie and loses puck.
15:06 of 1st period - Slapshot by Tobias Enstrom.
15:06 of 1st period - Stopped by Rick DiPietro without a rebound.
15:07 of 1st period - Mike Comrie wins face-off versus Darroll Powe in Blue Jackets zone.
15:14 of 1st period - Snap shot by Kellan Lain.
15:14 of 1st period - Stopped by Rick DiPietro without a rebound.
15:15 of 1st period - Sidney Crosby wins face-off versus Martin Havlat in Blue Jackets zone.
15:26 of 1st period - Snap shot by Viktor Arvidsson.
15:26 of 1st period - Shot Misses the Net.
15:50 of 1st period - Wrist shot by Devin Setoguchi.
15:50 of 1st period - Shot Misses the Net.
16:32 of 1st period - Travis Hamonic is hit by Mike Comrie and loses puck.
16:45 of 1st period - Travis Hamonic is hit by Dennis Wideman.
16:49 of 1st period - Wrist shot by Artemi Panarin.
16:49 of 1st period - Stopped by Rick DiPietro without a rebound.
16:50 of 1st period - Peter Mueller wins face-off versus Sidney Crosby in Blue Jackets zone.
16:50 of 1st period - Peter Mueller is hit by Artemi Panarin.
16:59 of 1st period - Off-side.
17:00 of 1st period - Sidney Crosby wins face-off versus Brenden Morrow in neutral zone.
17:11 of 1st period - Wrist shot by Artemi Panarin.
17:11 of 1st period - Stopped by Rick DiPietro with a rebound.
17:30 of 1st period - Off-side.
17:31 of 1st period - Max Pacioretty wins face-off versus Sidney Crosby in neutral zone.
17:45 of 1st period - Wrist shot by Mike Comrie.
17:45 of 1st period - Stopped by Keith Kinkaid without a rebound.
17:46 of 1st period - Gilbert Brule wins face-off versus Pavel Datsyuk in Devils zone.
18:11 of 1st period - Sidney Crosby is hit by Dennis Wideman and loses puck.
18:22 of 1st period - Snap shot by Peter Mueller.
18:22 of 1st period - Deflect By Marcus Nilson.
18:22 of 1st period - Shot Misses the Net.
18:22 of 1st period - Puck is out of play.
18:23 of 1st period - Sidney Crosby wins face-off versus Pavel Datsyuk in Devils zone.
18:27 of 1st period - Tobias Enstrom is hit by Kurtis Foster and loses puck.
18:36 of 1st period - Snap shot by Brenden Morrow.
18:36 of 1st period - Stopped by Keith Kinkaid with a rebound.
18:38 of 1st period - Slapshot by Brenden Morrow.
18:38 of 1st period - Shot Misses the Net.
18:58 of 1st period - Snap shot by Devin Setoguchi.
18:58 of 1st period - Deflect By Max Pacioretty.
18:58 of 1st period - Shot Misses the Net.
18:58 of 1st period - Puck is out of play.
18:59 of 1st period - Sidney Crosby wins face-off versus Pavel Datsyuk in Devils zone.
18:59 of 1st period - Sidney Crosby is hit by Martin Havlat.
Goals for this period are 0 for Devils vs 0 for Blue Jackets.
Shots for this period are 6 for Devils vs 4 for Blue Jackets.
2nd period
0:01 of 2nd period - Brenden Morrow wins face-off versus Sidney Crosby in neutral zone.
0:06 of 2nd period - Snap shot by Brenden Morrow.
0:06 of 2nd period - Stopped by Keith Kinkaid without a rebound.
0:07 of 2nd period - Viktor Arvidsson wins face-off versus Pavel Datsyuk in Devils zone.
0:12 of 2nd period - Wrist shot by Martin Havlat.
0:12 of 2nd period - Stopped by Keith Kinkaid with a rebound.
0:14 of 2nd period - Wrist shot by Mike Lundin.
0:14 of 2nd period - Stopped by Keith Kinkaid with a rebound.
0:16 of 2nd period - Slapshot by Mike Lundin.
0:16 of 2nd period - Deflect By Martin Havlat.
0:16 of 2nd period - Shot Blocked by Artemi Panarin.
0:16 of 2nd period - Puck is out of play.
0:17 of 2nd period - Sidney Crosby wins face-off versus Pavel Datsyuk in Devils zone.
0:17 of 2nd period - Sidney Crosby is hit by Brenden Morrow.
0:25 of 2nd period - Snap shot by Martin Havlat.
0:25 of 2nd period - Deflect By Brenden Morrow.
0:25 of 2nd period - Stopped by Keith Kinkaid without a rebound.
0:26 of 2nd period - Pavel Datsyuk wins face-off versus Sidney Crosby in Devils zone.
1:17 of 2nd period - Minor Penalty to Artemi Panarin for Hooking.
1:18 of 2nd period - Gilbert Brule wins face-off versus Mike Comrie in Devils zone.
1:33 of 2nd period - Mike Comrie is hit by Travis Hamonic and loses puck.
2:58 of 2nd period - Andreas Nodl is hit by Travis Hamonic and loses puck.
3:17 of 2nd period - Penalty to Artemi Panarin is over, Artemi Panarin is back on ice.
3:33 of 2nd period - Slapshot by Tyler Bozak.
3:33 of 2nd period - Stopped by Rick DiPietro without a rebound.
3:34 of 2nd period - Greg Campbell wins face-off versus Tyler Bozak in Blue Jackets zone.
4:06 of 2nd period - Backhand shot by Tyler Bozak.
4:06 of 2nd period - Shot Misses the Net.
4:08 of 2nd period - Snap shot by Sami Lepisto.
4:08 of 2nd period - Shot Blocked by Branislav Mezei.
4:10 of 2nd period - Snap shot by Brandon Bollig.
4:10 of 2nd period - Shot Blocked by Branislav Mezei.
4:12 of 2nd period - Wrist shot by Tyler Bozak.
4:12 of 2nd period - Stopped by Rick DiPietro with a rebound.
4:14 of 2nd period - Snap shot by Brandon Bollig.
4:14 of 2nd period - Shot Misses the Net.
4:32 of 2nd period - Wrist shot by Tyler Bozak.
4:32 of 2nd period - Deflect By Alexander Perezhogin.
4:32 of 2nd period - Shot Blocked by Branislav Mezei.
4:32 of 2nd period - Puck is out of play.
4:33 of 2nd period - Sidney Crosby wins face-off versus Mike Comrie in Blue Jackets zone.
4:34 of 2nd period - Snap shot by Viktor Arvidsson.
4:34 of 2nd period - Shot Misses the Net.
4:36 of 2nd period - Slapshot by Dmitry Kulikov.
4:36 of 2nd period - Stopped by Rick DiPietro with a rebound.
4:38 of 2nd period - Snap shot by Sidney Crosby.
4:38 of 2nd period - Stopped by Rick DiPietro without a rebound.
4:39 of 2nd period - Mike Comrie wins face-off versus Sidney Crosby in Blue Jackets zone.
4:50 of 2nd period - Snap shot by Viktor Arvidsson.
4:50 of 2nd period - Shot Misses the Net.
4:52 of 2nd period - Slapshot by Tobias Enstrom.
4:52 of 2nd period - Stopped by Rick DiPietro with a rebound.
4:54 of 2nd period - Snap shot by Dmitry Kulikov.
4:54 of 2nd period - Stopped by Rick DiPietro with a rebound.
5:06 of 2nd period - Slapshot by Mike Lundin.
5:06 of 2nd period - Deflect By Tobias Enstrom.
5:06 of 2nd period - Stopped by Keith Kinkaid without a rebound.
5:07 of 2nd period - Gilbert Brule wins face-off versus Peter Mueller in Devils zone.
5:18 of 2nd period - Tyler Cuma is hit by Andreas Nodl.
5:34 of 2nd period - Tyler Cuma is hit by Kurtis Foster.
5:43 of 2nd period - Icing by Cam Fowler.
5:44 of 2nd period - Sidney Crosby wins face-off versus Peter Mueller in Blue Jackets zone.
5:51 of 2nd period - Slapshot by Sidney Crosby.
5:51 of 2nd period - Stopped by Rick DiPietro without a rebound.
5:52 of 2nd period - Viktor Arvidsson wins face-off versus Pavel Datsyuk in Blue Jackets zone.
6:22 of 2nd period - Artemi Panarin is hit by Dennis Wideman and loses puck.
6:43 of 2nd period - Slapshot by Peter Mueller.
6:43 of 2nd period - Stopped by Keith Kinkaid with a rebound.
6:45 of 2nd period - Snap shot by Peter Mueller.
6:45 of 2nd period - Stopped by Keith Kinkaid with a rebound.
6:57 of 2nd period - Snap shot by Anthony Stewart.
6:57 of 2nd period - Deflect By Kellan Lain.
6:57 of 2nd period - Goal by Kellan Lain - Devils : 1 - Blue Jackets : 0.
6:58 of 2nd period - Martin Havlat wins face-off versus Sidney Crosby in neutral zone.
7:16 of 2nd period - Icing by Sidney Crosby.
7:17 of 2nd period - Mike Comrie wins face-off versus Sidney Crosby in Devils zone.
7:27 of 2nd period - Icing by Cam Fowler.
7:28 of 2nd period - Gilbert Brule wins face-off versus Mike Comrie in Blue Jackets zone.
7:55 of 2nd period - Snap shot by Brenden Morrow.
7:55 of 2nd period - Stopped by Keith Kinkaid with a rebound.
7:57 of 2nd period - Snap shot by Pavel Datsyuk.
7:57 of 2nd period - Shot Misses the Net.
7:59 of 2nd period - Slapshot by Pavel Datsyuk.
7:59 of 2nd period - Stopped by Keith Kinkaid without a rebound.
8:00 of 2nd period - Pavel Datsyuk wins face-off versus Sidney Crosby in Devils zone.
8:25 of 2nd period - Phil Kessel is hit by Mike Comrie and loses puck.
8:46 of 2nd period - Branislav Mezei is hit by Kellan Lain and loses puck.
8:51 of 2nd period - Snap shot by Darroll Powe.
8:51 of 2nd period - Stopped by Rick DiPietro with a rebound.
9:30 of 2nd period - Wrist shot by Max Pacioretty.
9:30 of 2nd period - Stopped by Keith Kinkaid without a rebound.
9:31 of 2nd period - Gilbert Brule wins face-off versus Pavel Datsyuk in Devils zone.
9:58 of 2nd period - Max Pacioretty is hit by Sidney Crosby and loses puck.
10:27 of 2nd period - Snap shot by Darroll Powe.
10:27 of 2nd period - Shot Blocked by Pavel Datsyuk.
10:29 of 2nd period - Snap shot by Darroll Powe.
10:29 of 2nd period - Shot Blocked by Kurtis Foster.
11:18 of 2nd period - Icing by Cam Fowler.
11:19 of 2nd period - Mike Comrie wins face-off versus Sidney Crosby in Blue Jackets zone.
11:26 of 2nd period - Wrist shot by Artemi Panarin.
11:26 of 2nd period - Stopped by Rick DiPietro with a rebound.
11:28 of 2nd period - Wrist shot by Artemi Panarin.
11:28 of 2nd period - Stopped by Rick DiPietro with a rebound.
11:30 of 2nd period - Slapshot by Travis Hamonic.
11:30 of 2nd period - Shot Blocked by Cam Fowler.
12:06 of 2nd period - Viktor Arvidsson is hit by Max Pacioretty and loses puck.
12:47 of 2nd period - Snap shot by Viktor Arvidsson.
12:47 of 2nd period - Stopped by Rick DiPietro without a rebound.
12:48 of 2nd period - Mike Comrie wins face-off versus Gilbert Brule in Blue Jackets zone.
13:03 of 2nd period - Snap shot by Gilbert Brule.
13:03 of 2nd period - Deflect By Phil Kessel.
13:03 of 2nd period - Stopped by Rick DiPietro with a rebound.
13:56 of 2nd period - Pavel Datsyuk is hit by Phil Kessel and loses puck.
14:42 of 2nd period - Off-side.
14:43 of 2nd period - Peter Mueller wins face-off versus Tyler Bozak in neutral zone.
15:10 of 2nd period - Devin Setoguchi is hit by Dmitry Kulikov and loses puck.
15:39 of 2nd period - Wrist shot by Darroll Powe.
15:39 of 2nd period - Stopped by Rick DiPietro without a rebound.
15:40 of 2nd period - Sidney Crosby wins face-off versus Mike Comrie in Blue Jackets zone.
17:18 of 2nd period - Off-side.
17:19 of 2nd period - Sidney Crosby wins face-off versus Greg Campbell in neutral zone.
17:34 of 2nd period - Pavel Datsyuk is hit by Artemi Panarin and loses puck.
17:45 of 2nd period - Mike Lundin is hit by Dmitry Kulikov and loses puck.
18:11 of 2nd period - Viktor Arvidsson is hit by Pavel Datsyuk and loses puck.
18:44 of 2nd period - Slapshot by Dennis Wideman.
18:44 of 2nd period - Shot Blocked by Tyler Cuma.
18:46 of 2nd period - Backhand shot by Mike Lundin.
18:46 of 2nd period - Stopped by Keith Kinkaid with a rebound.
18:48 of 2nd period - Wrist shot by Greg Campbell.
18:48 of 2nd period - Shot Blocked by Tyler Cuma.
18:50 of 2nd period - Slapshot by Dennis Wideman.
18:50 of 2nd period - Shot Misses the Net.
18:52 of 2nd period - Snap shot by Pavel Datsyuk.
18:52 of 2nd period - Shot Misses the Net.
19:02 of 2nd period - Wrist shot by Pavel Datsyuk.
19:02 of 2nd period - Stopped by Keith Kinkaid with a rebound.
19:04 of 2nd period - Slapshot by Dennis Wideman.
19:04 of 2nd period - Shot Blocked by Tyler Cuma.
19:06 of 2nd period - Snap shot by Mike York.
19:06 of 2nd period - Stopped by Keith Kinkaid with a rebound.
19:08 of 2nd period - Wrist shot by Pavel Datsyuk.
19:08 of 2nd period - Shot Blocked by Tyler Cuma.
19:10 of 2nd period - Slapshot by Dennis Wideman.
19:10 of 2nd period - Shot Misses the Net.
19:16 of 2nd period - Snap shot by Pavel Datsyuk.
19:16 of 2nd period - Stopped by Keith Kinkaid without a rebound.
19:17 of 2nd period - Gilbert Brule wins face-off versus Mike Comrie in Devils zone.
19:17 of 2nd period - Gilbert Brule is hit by Max Pacioretty.
19:43 of 2nd period - Mike Comrie is hit by Alexander Perezhogin and loses puck.
19:56 of 2nd period - Snap shot by Brandon Bollig.
19:56 of 2nd period - Stopped by Rick DiPietro without a rebound.
19:57 of 2nd period - Peter Mueller wins face-off versus Gilbert Brule in Blue Jackets zone.
Goals for this period are 1 for Devils vs 0 for Blue Jackets.
Shots for this period are 15 for Devils vs 14 for Blue Jackets.
3rd period
0:01 of 3rd period - Pavel Datsyuk wins face-off versus Gilbert Brule in neutral zone.
0:04 of 3rd period - Jaden Schwartz is hit by Pavel Datsyuk and loses puck.
0:41 of 3rd period - Minor Penalty to Branislav Mezei for Hooking.
0:42 of 3rd period - Martin Havlat wins face-off versus Viktor Arvidsson in Blue Jackets zone.
1:07 of 3rd period - Dennis Wideman is hit by Gilbert Brule and loses puck.
1:12 of 3rd period - Snap shot by Gilbert Brule.
1:12 of 3rd period - Goal by Gilbert Brule - Devils : 2 - Blue Jackets : 0.
1:13 of 3rd period - Gilbert Brule wins face-off versus Pavel Datsyuk in neutral zone.
1:40 of 3rd period - Artemi Panarin is hit by Mike Comrie and loses puck.
1:45 of 3rd period - Snap shot by Devin Setoguchi.
1:45 of 3rd period - Goal by Devin Setoguchi - Devils : 2 - Blue Jackets : 1.
1:46 of 3rd period - Pavel Datsyuk wins face-off versus Gilbert Brule in neutral zone.
2:01 of 3rd period - Slapshot by Pavel Datsyuk.
2:01 of 3rd period - Shot Blocked by Travis Hamonic.
2:09 of 3rd period - Minor Penalty to Pavel Datsyuk for High sticking.
2:10 of 3rd period - Sidney Crosby wins face-off versus Peter Mueller in Blue Jackets zone.
2:49 of 3rd period - Slapshot by Cam Fowler.
2:49 of 3rd period - Shot Blocked by Phil Kessel.
2:51 of 3rd period - Slapshot by Peter Mueller.
2:51 of 3rd period - Shot Blocked by Gilbert Brule.
3:07 of 3rd period - Greg Campbell is hit by Gilbert Brule and loses puck.
3:48 of 3rd period - Snap shot by Sidney Crosby.
3:48 of 3rd period - Shot Blocked by Kurtis Foster.
3:50 of 3rd period - Slapshot by Tyler Cuma.
3:50 of 3rd period - Deflect By Marcus Nilson.
3:50 of 3rd period - Stopped by Rick DiPietro without a rebound.
3:51 of 3rd period - Peter Mueller wins face-off versus Sidney Crosby in Blue Jackets zone.
4:09 of 3rd period - Penalty to Pavel Datsyuk is over, Pavel Datsyuk is back on ice.
4:23 of 3rd period - Slapshot by Pavel Datsyuk.
4:23 of 3rd period - Stopped by Keith Kinkaid with a rebound.
4:25 of 3rd period - Slapshot by Dennis Wideman.
4:25 of 3rd period - Stopped by Keith Kinkaid with a rebound.
4:29 of 3rd period - Snap shot by Pavel Datsyuk.
4:29 of 3rd period - Stopped by Keith Kinkaid without a rebound.
4:30 of 3rd period - Sidney Crosby wins face-off versus Mike Comrie in Devils zone.
4:46 of 3rd period - Slapshot by Devin Setoguchi.
4:46 of 3rd period - Shot Misses the Net.
5:42 of 3rd period - Branislav Mezei is hit by Tyler Bozak and loses puck.
6:03 of 3rd period - Snap shot by Viktor Arvidsson.
6:03 of 3rd period - Shot Blocked by A.J Thelen.
6:59 of 3rd period - Brenden Morrow is hit by Kellan Lain.
7:13 of 3rd period - Snap shot by Viktor Arvidsson.
7:13 of 3rd period - Shot Misses the Net.
7:15 of 3rd period - Minor Penalty to Marcus Nilson for Tripping.
7:16 of 3rd period - Pavel Datsyuk wins face-off versus Sidney Crosby in Blue Jackets zone.
7:54 of 3rd period - Snap shot by Viktor Arvidsson.
7:54 of 3rd period - Stopped by Rick DiPietro without a rebound.
7:55 of 3rd period - Gilbert Brule wins face-off versus Pavel Datsyuk in Blue Jackets zone.
9:12 of 3rd period - Sami Lepisto is hit by Dennis Wideman and loses puck.
9:15 of 3rd period - Penalty to Marcus Nilson is over, Marcus Nilson is back on ice.
9:21 of 3rd period - Mike Lundin is hit by Artemi Panarin.
9:49 of 3rd period - Backhand shot by Tyler Cuma.
9:49 of 3rd period - Stopped by Rick DiPietro without a rebound.
9:50 of 3rd period - Peter Mueller wins face-off versus Alexander Perezhogin in Blue Jackets zone.
10:25 of 3rd period - Off-side.
10:26 of 3rd period - Pavel Datsyuk wins face-off versus Sidney Crosby in neutral zone.
10:31 of 3rd period - Viktor Arvidsson is hit by Martin Havlat and loses puck.
10:40 of 3rd period - Martin Havlat is hit by Tyler Cuma.
11:29 of 3rd period - Wrist shot by Alexander Perezhogin.
11:29 of 3rd period - Stopped by Rick DiPietro without a rebound.
11:30 of 3rd period - Viktor Arvidsson wins face-off versus Pavel Datsyuk in Blue Jackets zone.
12:02 of 3rd period - Slapshot by Phil Kessel.
12:02 of 3rd period - Stopped by Rick DiPietro without a rebound.
12:03 of 3rd period - Gilbert Brule wins face-off versus Andreas Nodl in Blue Jackets zone.
12:14 of 3rd period - Slapshot by Gilbert Brule.
12:14 of 3rd period - Shot Blocked by Peter Mueller.
12:18 of 3rd period - Wrist shot by Gilbert Brule.
12:18 of 3rd period - Shot Blocked by A.J Thelen.
12:22 of 3rd period - Slapshot by Gilbert Brule.
12:22 of 3rd period - Shot Misses the Net.
12:24 of 3rd period - Snap shot by Gilbert Brule.
12:24 of 3rd period - Goal by Gilbert Brule - Devils : 3 - Blue Jackets : 1.
12:25 of 3rd period - Pavel Datsyuk wins face-off versus Sidney Crosby in neutral zone.
12:52 of 3rd period - Dennis Wideman is hit by Phil Kessel and loses puck.
12:59 of 3rd period - Wrist shot by Phil Kessel.
12:59 of 3rd period - Stopped by Rick DiPietro with a rebound.
13:17 of 3rd period - Snap shot by Mike Lundin.
13:17 of 3rd period - Shot Blocked by Tobias Enstrom.
13:36 of 3rd period - Off-side.
13:37 of 3rd period - Greg Campbell wins face-off versus Sidney Crosby in neutral zone.
14:25 of 3rd period - Snap shot by Kellan Lain.
14:25 of 3rd period - Shot Blocked by Peter Mueller.
14:27 of 3rd period - Snap shot by Kellan Lain.
14:27 of 3rd period - Goal by Kellan Lain - Devils : 4 - Blue Jackets : 1.
14:28 of 3rd period - Pavel Datsyuk wins face-off versus Sidney Crosby in neutral zone.
14:59 of 3rd period - Wrist shot by Devin Setoguchi.
14:59 of 3rd period - Shot Blocked by Gilbert Brule.
15:01 of 3rd period - Slapshot by Mike Lundin.
15:01 of 3rd period - Stopped by Keith Kinkaid with a rebound.
15:03 of 3rd period - Snap shot by Max Pacioretty.
15:03 of 3rd period - Stopped by Keith Kinkaid with a rebound.
15:05 of 3rd period - Snap shot by Max Pacioretty.
15:05 of 3rd period - Shot Misses the Net.
15:31 of 3rd period - Minor Penalty to Dmitry Kulikov for Tripping.
15:32 of 3rd period - Pavel Datsyuk wins face-off versus Gilbert Brule in Devils zone.
15:56 of 3rd period - Icing by Brenden Morrow.
15:57 of 3rd period - Devin Setoguchi wins face-off versus Kellan Lain in Blue Jackets zone.
16:03 of 3rd period - Wrist shot by Max Pacioretty.
16:03 of 3rd period - Stopped by Keith Kinkaid without a rebound.
16:04 of 3rd period - Gilbert Brule wins face-off versus Mike Comrie in Devils zone.
16:31 of 3rd period - Slapshot by Brenden Morrow.
16:31 of 3rd period - Stopped by Keith Kinkaid with a rebound.
16:37 of 3rd period - Wrist shot by Brenden Morrow.
16:37 of 3rd period - Stopped by Keith Kinkaid with a rebound.
16:39 of 3rd period - Snap shot by Martin Havlat.
16:39 of 3rd period - Deflect By Pavel Datsyuk.
16:39 of 3rd period - Shot Misses the Net.
16:39 of 3rd period - Puck is out of play.
16:40 of 3rd period - Gilbert Brule wins face-off versus Pavel Datsyuk in Devils zone.
16:40 of 3rd period - Gilbert Brule is hit by Brenden Morrow.
17:02 of 3rd period - Mike Lundin is hit by Artemi Panarin and loses puck.
17:17 of 3rd period - Slapshot by Kurtis Foster.
17:17 of 3rd period - Goal by Kurtis Foster - Devils : 4 - Blue Jackets : 2.
17:18 of 3rd period - Darroll Powe wins face-off versus Peter Mueller in neutral zone.
18:35 of 3rd period - Minor Penalty to Martin Havlat for Roughing.
18:36 of 3rd period - Sidney Crosby wins face-off versus Pavel Datsyuk in Blue Jackets zone.
18:41 of 3rd period - Minor Penalty to Sidney Crosby for Slashing.
18:42 of 3rd period - Pavel Datsyuk wins face-off versus Gilbert Brule in Devils zone.
19:09 of 3rd period - Phil Kessel is hit by Dennis Wideman and loses puck.
19:53 of 3rd period - Snap shot by Tyler Cuma.
19:53 of 3rd period - Shot Misses the Net.
Goals for this period are 3 for Devils vs 2 for Blue Jackets.
Shots for this period are 9 for Devils vs 10 for Blue Jackets.
Back to the Top